 Dungeon Crawl Stone Soup version 0.32-a0-360-gcd93b57 (webtiles) character file.

Game seed: 13367420735269837996

74 luble the Slasher (level 4, 0/35 HPs)
             Began as a Coglin Gladiator on Feb 18, 2024.
             Slain by a gnoll
             ... wielding a +0 spear
              (2 damage)
             ... on level 2 of the Dungeon.
             The game lasted 00:03:37 (1304 turns).

luble the Slasher (Coglin Gladiator)                Turns: 1304, Time: 00:03:38

Health: 0/35       AC:  4    Str: 14    XL:     4   Next: 30%
Magic:  4/4        EV: 12    Int: 13    God:
Gold:   52         SH:  0    Dex: 18    Spells: 3/3 levels left

rFire   . . .        a - +0 long sword {Guillermo}
rCold   . . .        g - +0 short sword {Ning}
rNeg    . . .        b - +0 leather armour
rPois   +            c - +0 helmet
rElec   .            (no cloak)
rCorr   .            (no gloves)
SInv    .            (no boots)
Will    .....        m - amulet of the acrobat
Stlth   +            j - +6 ring of intelligence
HPRegen 0.25/turn    n - ring of poison resistance
MPRegen 0.09/turn

%: acrobat
@: revved, stiff-legged, very slow
A: off-hand wielding, slow wielding, warmup strikes, warmup strides
a: no special abilities


You were on level 2 of the Dungeon.
You visited 1 branch of the dungeon, and saw 2 of its levels.

You collected 52 gold pieces.

Inventory:

Hand Weapons
 a - a +0 long sword (weapon) {Guillermo}
 g - a +0 short sword (worn) {Ning}
Missiles
 d - 3 throwing nets (quivered) {!f}
 e - a javelin
Armour
 b - a +0 leather armour (worn)
 c - a +0 helmet (worn)
Jewellery
 j - a +6 ring of intelligence (left grasper)
 m - an amulet of the acrobat (around neck)
 n - a ring of poison resistance (right grasper)
Scrolls
 f - a scroll of torment {unknown}
 i - a scroll of vulnerability {unknown}
Potions
 h - 2 potions of enlightenment {unknown}
 k - a potion of lignification {unknown}
 l - a potion of haste {unknown}


   Skills:
 + Level 3.4 Fighting
 + Level 4.1 Long Blades
 - Level 1.7 Throwing
 - Level 2.6 Dodging


You had 3 spell levels left.
You didn't know any spells.
Your spell library contained the following spells:

 Spells                   Type           Power      Damage    Failure   Level
 Lesser Beckoning         Tloc           0%         N/A       52%         2
 Gell's Gravitas          Tloc           0%         N/A       75%         3
 Hailstorm                Conj/Ice       0%         3d5       75%         3
 Summon Ice Beast         Ice/Summ       0%         N/A       75%         3
 Teleport Other           Tloc           0%         N/A       75%         3
 Sculpt Simulacrum        Ice/Alch       0%         N/A       100%        6


Dungeon Overview and Level Annotations

Branches:
Dungeon (2/15)

Altars:
Vehumet


Innate Abilities, Weirdness & Mutations

You can wield a second weapon in your off-hand.
It takes a long time for you to wield or remove held weapons.
Your first few attacks do less damage.
Your first movements take longer.


Message History

Found a +6 ring of intelligence.
The gnoll shouts!
The gnoll misses you.
The gnoll hits you from afar with a +0 spear.
The gnoll closely misses you.
You closely miss the gnoll with your +0 long sword.
You hit the gnoll with your +0 short sword.
The gnoll barely misses you. The gnoll hits you with a +0 flail.
The gnoll hits you but does no damage.
You hit the gnoll with your +0 short sword.
The gnoll is severely wounded.
You hit the gnoll with your +0 long sword.
You kill the gnoll!
The gnoll hits you with a +0 flail! The gnoll misses you. The gnoll misses you.
The gnoll completely misses you. x3
The gnoll hits you with a +0 spear.
Things that are here:
a +0 flail; a gnoll corpse You hit the gnoll with your +0 short sword.
The gnoll is lightly wounded.
You hit the gnoll but do no damage. The gnoll hits you with a +0 flail.
The gnoll completely misses you. The gnoll hits you with a +0 spear.
You hit the gnoll with your +0 short sword.
The gnoll is moderately wounded.
You closely miss the gnoll with your +0 long sword.
The gnoll hits you but does no damage. The gnoll hits you with a +0 spear.
* * * LOW HITPOINT WARNING * * *
The gnoll hits you but does no damage.
You hit the gnoll with your +0 short sword.
The gnoll is heavily wounded.
You barely miss the gnoll with your +0 long sword.
The gnoll hits you with a +0 flail.
* * * LOW HITPOINT WARNING * * *
The gnoll closely misses you. The gnoll barely misses you.
You hit the gnoll with your +0 short sword.
The gnoll is severely wounded.
You slash the gnoll with your +0 long sword!
You kill the gnoll!
The gnoll closely misses you. The gnoll hits you with a +0 spear.
You die...

..#######......#
..'....##.....#
..####.##.....#
..####.##.....##..
####.............#
#.#.###..######
#.#....>......# ###.#
#.#####(.####.#...=..
#...........g@)...#
########.##.#.g.....#
#.##.#####.### #.##.#
# #.##.# #.##..
#.#### #.#


You could see 2 gnolls.

Vanquished Creatures
  2 gnolls (D:2)
  A dart slug (D:1)
  3 endoplasms (D:1)
  A giant cockroach (D:2)
  2 goblins (D:1)
  5 hobgoblins
  3 jackals (D:1)
  4 quokkas (D:1)
  3 ball pythons (D:1)
  3 bats
  3 frilled lizards (D:1)
  2 kobolds (D:1)
  4 rats (D:1)
36 creatures vanquished.

Notes
Turn   | Place    | Note
-------+----------+-------------------------------------------
     0 | D:1      | luble the Coglin Gladiator began the quest for the Orb.
     0 | D:1      | Reached XP level 1. HP: 16/16 MP: 1/1
   201 | D:1      | Reached XP level 2. HP: 23/23 MP: 2/2
   453 | D:1      | Reached XP level 3. HP: 28/28 MP: 3/3
  1065 | D:2      | Reached skill level 4 in Long Blades
  1065 | D:2      | Reached XP level 4. HP: 31/35 MP: 4/4
  1088 | D:2      | Found a radiant altar of Vehumet.
  1122 | D:2      | Identified the +8 sling of Analysis {speed, Stlth+}
  1304 | D:2      | Slain by a gnoll

Illustrated notes

Levels and vault maps discovered:
D:1:      dpeg_arrival_lava_temple_mockup, layout_basic
D:2:      layout_basic, basic_altar

Skill      XL: |  1  2  3 |
---------------+----------+-----
Fighting       | 3 |  3.4
Long Blades    | 4 |  4.1
Throwing       | |  1.7
Dodging        | |  2.6

Action                     |  1- 3 |  4- 6 || total
---------------------------+-------+-------++-------
  Melee: Long sword        |    62 |    12 ||    74
         Short sword       |    52 |    10 ||    62
 Armour: Leather armour    |    26 |    17 ||    43
  Dodge: Dodged            |    43 |    17 ||    60

Table legend: (Time is in decaauts)
 A = Elapsed time spent in this place.
 B = Non-inter-level travel time spent in this place.
 C = Inter-level travel time spent in this place.
 D = Time resting spent in this place.
 E = Time spent auto-exploring this place.
 F = Levels seen in this place.
 G = Mean time per level.
                   A        B        C        D        E       F      G
               +--------+--------+--------+--------+--------+-----+--------+
         Total |   1359 |   1301 |     58 |      0 |    984 |   2 |  679.5 |
       Dungeon |   1359 |   1301 |     58 |      0 |    984 |   2 |  679.5 |
               +--------+--------+--------+--------+--------+-----+--------+

Top non-repeatable levels by time:
     D:1: 1092 daAuts
     D:2: 266 daAuts
